 Dungeon Crawl Stone Soup version 0.30-a0-996-ga6910c8ee8 (webtiles) character file.

Game seed: 4724683769402368836

28 DeathPants the Sneak (level 3, -9/20 HPs)
             Began as a Vine Stalker Delver on Apr 4, 2023.
             Killed from afar by an orc wizard (10 damage)
             ... with a puff of flame
             ... on level 5 of the Dungeon.
             The game lasted 00:02:32 (414 turns).

DeathPants the Sneak (Vine Stalker Delver)           Turns: 414, Time: 00:02:33

Health: -9/20      AC:  4    Str: 14    XL:     3   Next: 14%
Magic:  0/5        EV: 12    Int: 10    God:
Gold:   71         SH:  0    Dex: 17    Spells: 4/4 levels left

rFire   . . .      SeeInvis .    a - +0 short sword
rCold   . . .      Faith    .    (no shield)
rNeg    . . .      Spirit   +    b - +0 leather armour
rPois   .          Reflect  .    i - +0 helmet
rElec   .          Rampage  .    (no cloak)
rCorr   .                        (no gloves)
Will    .....                    (no boots)
Stlth   +++                      (no amulet)
HPRegen 0.23/turn                (no ring)
MPRegen 0.09/turn                (no ring)

@: hasted, very quick
A: fangs 2, magic shield, antimagic bite, no potion heal 2
a: no special abilities


You were on level 5 of the Dungeon.
You visited 1 branch of the dungeon, and saw 3 of its levels.

You collected 71 gold pieces.

Inventory:

Hand Weapons
 a - a +0 short sword (weapon)
Armour
 b - a +0 leather armour (worn)
 h - a +0 scale mail
 i - a +0 helmet (worn)
Wands
 g - a wand of digging (3)
Scrolls
 c - a scroll of fog
Potions
 j - a potion of resistance


   Skills:
 + Level 3.0 Fighting
 - Level 1.7 Short Blades
 + Level 2.0 Dodging
 + Level 6.3 Stealth
 + Level 1.1 Spellcasting


You had 4 spell levels left.
You didn't know any spells.
Your spell library was empty.

Dungeon Overview and Level Annotations

Branches:
Dungeon (7/15)
 Temple: D:4-7

Altars:
Hepliaklqana


Innate Abilities, Weirdness & Mutations

You have extremely sharp teeth.
When hurt, damage is shared between your health and your magic reserves.
Your bite disrupts and absorbs the magic of your enemies.
Potions cannot restore your health.


Message History

Your experience leads to an increase in your attributes!
Increase (S)trength, (I)ntelligence, or (D)exterity?
You feel agile. x2
You hit the orc. Your bite misses the orc.
The orc is moderately wounded.
You hit the orc but do no damage.
The orc is moderately wounded.
The orc hits you with a +0 hand axe.
You hit the orc.
The orc is almost dead.
The orc hits you with a +0 hand axe.
You closely miss the orc. You bite the orc.
You kill the orc!
Your Dodging skill increases to level 2!
You hear some strange, mumbled words.
A magic dart appears from out of thin air!
The magic dart hits you. The orc hits you with a +0 short sword.
Items here: ))) [[ ††.
You hit something. Your bite misses something. You miss something.
You bite something. Something hits you. The orc barely misses you.
You hit something but do no damage. Your bite misses something.
The orc hits you with a +0 short sword. Something hits you.
You barely miss something. You hit something. Your bite misses something.
The orc hits you with a +0 short sword.
* * * LOW HITPOINT WARNING * * *
Something hits you.
* * * LOW HITPOINT WARNING * * *
You hit something but do no damage. Your bite misses something.
You hit something. Something hits you.
* * * LOW HITPOINT WARNING * * *
The orc hits you but does no damage.
You hit something. You bite something. You drain its magic.
You feel invigorated. The orc closely misses you.
You hear some strange, mumbled words.
A puff of flame appears from out of thin air!
The puff of flame hits you!
Ouch! That really hurt!
You die...

#... #... #... #... #...
# ##.. ####.## ##..
.......##############...
......{@..g......gg.>...
....?.o##############...
####### #... #... ##..
##. ##


You could see a gnoll and an orc.

Vanquished Creatures
  An orc wizard (D:5)
  2 orcs (D:5)
3 creatures vanquished.

Vanquished Creatures (others)
  12 plants (D:6)
12 creatures vanquished.

Grand Total: 15 creatures vanquished

Notes
Turn   | Place    | Note
-------+----------+-------------------------------------------
     0 | D:5      | DeathPants the Vine Stalker Delver began the quest for the
                  | Orb.
     0 | D:5      | Reached XP level 1. HP: 11/11 MP: 2/2
     3 | D:6      | Noticed a howler monkey
   178 | D:7      | Noticed a bullfrog
   178 | D:7      | Noticed a kobold brigand
   300 | D:6      | Noticed a bullfrog
   338 | D:6      | Found a hazy altar of Hepliaklqana.
   338 | D:6      | Noticed a jelly
   359 | D:5      | Noticed an orc wizard
   361 | D:5      | Noticed an orc wizard
   401 | D:5      | Killed an orc wizard
   402 | D:5      | Reached skill level 1 in Spellcasting
   402 | D:5      | Reached XP level 2. HP: 16/16 MP: 1/4
   402 | D:5      | Reached XP level 3. HP: 20/20 MP: 1/5
   413 | D:5      | HP: 1/20 [something (1)]
   414 | D:5      | Killed from afar by an orc wizard

Illustrated notes

Levels and vault maps discovered:
D:5:      cheibrodos_helix_gallery, layout_rooms, minmay_liquid_box
D:6:      layout_basic, nicolae_hepliaklqana_hazy_memory
D:7:      layout_rooms, minmay_temple_entry_hall, minmay_tree_intersection

Skill      XL: |  1  2  3 |
---------------+----------+-----
Fighting       | 3 |  3.0
Spellcasting   | 1 |  1.1
Dodging        | 2 |  2.0
Short Blades   | |  1.7
Stealth        | |  6.3

Action                     || total
---------------------------++-------
  Melee: Short sword       ||    46
         Bite              ||    11
    Use: Scroll            ||     4
         Potion            ||     1
 Armour: Leather armour    ||     6
  Dodge: Dodged            ||     8

Table legend: (Time is in decaauts)
 A = Elapsed time spent in this place.
 B = Non-inter-level travel time spent in this place.
 C = Inter-level travel time spent in this place.
 D = Time resting spent in this place.
 E = Time spent auto-exploring this place.
 F = Levels seen in this place.
 G = Mean time per level.
                   A        B        C        D        E       F      G
               +--------+--------+--------+--------+--------+-----+--------+
         Total |    397 |    397 |      0 |     42 |    100 |   3 |  132.3 |
       Dungeon |    397 |    397 |      0 |     42 |    100 |   3 |  132.3 |
               +--------+--------+--------+--------+--------+-----+--------+

Top non-repeatable levels by time:
     D:6: 308 daAuts
     D:5: 87 daAuts
     D:7: 1 daAuts
